 Dungeon Crawl Stone Soup version 0.31-a0-1603-gbec6b6ccbf (webtiles) character file.

Game seed: 11834456740009007970

61 grandjackal the Vexing (level 3, 0/19 HPs)
             Began as a Vampire Enchanter on Jan 8, 2024.
             Slain by a kobold
             ... wielding a +0 whip
              (3 damage)
             ... on level 3 of the Dungeon.
             The game lasted 00:02:19 (1797 turns).

grandjackal the Vexing (Vampire Enchanter)          Turns: 1797, Time: 00:02:20

Health: 0/19       AC:  2    Str:  7    XL:     3   Next: 83%
Magic:  0/6        EV: 12    Int: 17    God:
Gold:   124        SH:  0    Dex: 16    Spells: 4/6 levels left

rFire   . . .        a - +1 dagger
rCold   + + .        (no shield)
rNeg    + + +        b - +0 robe
rPois   ∞            (no helmet)
rElec   .            (no cloak)
rCorr   .            (no gloves)
SInv    +            (no boots)
Will    .....        (no amulet)
Stlth   +++++        n - ring of flight
HPRegen 0.00/turn    (no ring)
MPRegen 0.10/turn

%: no passive effects
@: flying, bloodless, inhibited regen
A: bloodless, fangs 3, see invisible, vampiric 2
a: Bat Form, Revivify


You were on level 3 of the Dungeon.
You visited 1 branch of the dungeon, and saw 3 of its levels.

You collected 124 gold pieces.

Inventory:

Hand Weapons
 a - a +1 dagger (weapon)
Armour
 b - a +0 robe (worn)
Jewellery
 n - a ring of flight (left hand)
 q - an amulet of faith
Scrolls
 d - 2 scrolls of identify {unknown}
 f - 2 scrolls of poison {unknown}
 j - a scroll of blinking {unknown}
 k - a scroll of teleportation {unknown}
 l - a scroll of amnesia {unknown}
 p - a scroll of revelation {unknown}
 r - a scroll of fog {unknown}
Potions
 c - 3 potions of invisibility
 e - 2 potions of might {unknown}
 g - a potion of curing {unknown}
 h - a potion of heal wounds {unknown}
 i - a potion of degeneration {unknown}
 m - a potion of magic {unknown}
 o - a potion of mutation {unknown}
 s - a potion of resistance {unknown}
 t - a potion of brilliance {unknown}
 u - a potion of ambrosia {unknown}


   Skills:
 + Level 2.5 Short Blades
 - Level 2.3 Dodging
 - Level 5.0 Stealth
 - Level 2.0 Spellcasting
 + Level 5.3 Hexes
 + Level 1.0 Ice Magic


You had 4 spell levels left.
You knew the following spells:

 Your Spells              Type           Power      Damage    Failure   Level
a - Ensorcelled Hibernat  Hex/Ice        24%        N/A       8%          2

Your spell library contained the following spells:

 Spells                   Type           Power      Damage    Failure   Level
 Confusing Touch          Hex            19%        N/A       6%          3
 Tukima's Dance           Hex            19%        N/A       6%          3
 Sandblast                Erth           2%         2d4       19%         1
 Dazzling Flash           Conj/Hex       20%        N/A       19%         3
 Gell's Gravitas          Tloc           1%         N/A       50%         3
 Passwall                 Erth           1%         N/A       50%         3
 Stone Arrow              Conj/Erth      2%         3d7       50%         3
 Teleport Other           Tloc           1%         N/A       50%         3
 Brom's Barrelling Bould  Conj/Erth      1%         2d3       88%         4
 Dispersal                Tloc           0%         N/A       100%        6


Dungeon Overview and Level Annotations

Branches:
Dungeon (3/15)

Altars:
Trog


Innate Abilities, Weirdness & Mutations

You do not regenerate when monsters are visible.
You are frail without blood (-20% HP).
You can heal yourself when you bite living creatures.
You are immune to poison.
You have razor-sharp teeth.
You have supernaturally acute eyesight. (SInv)
You are afflicted with vampirism and can become a bat while bloodless.


Message History

A giant cockroach comes into view.
Found a stone staircase leading down.
The kobold shouts!
The kobold brigand shouts!
Casting: Ensorcelled Hibernation (safe; 8% risk of failure)
Confirm with . or Enter, or press ? or * to list all spells.
Aiming: Ensorcelled Hibernation (safe; 8% risk of failure)
Press: ? - help, Shift-Dir - straight line, f - kobold brigand
Aim: a kobold brigand, wielding a +0 dagger and quivering poisoned darts (chance to affect: 46%)
The kobold brigand resists with some effort.
The kobold brigand hits you with a +0 dagger.
Unknown command.
Casting: Ensorcelled Hibernation (safe; 8% risk of failure)
Confirm with . or Enter, or press ? or * to list all spells.
Aiming: Ensorcelled Hibernation (safe; 8% risk of failure)
Press: ? - help, Shift-Dir - straight line, f/p - kobold brigand
Aim: a kobold brigand, wielding a +0 dagger and quivering poisoned darts (chance to affect: 46%)
The kobold brigand resists with some effort.
The kobold brigand hits you with a +0 dagger.
* * * LOW HITPOINT WARNING * * *
Casting: Ensorcelled Hibernation (safe; 8% risk of failure)
Confirm with . or Enter, or press ? or * to list all spells.
Aiming: Ensorcelled Hibernation (safe; 8% risk of failure)
Press: ? - help, Shift-Dir - straight line, f/p - kobold brigand
Aim: a kobold brigand, wielding a +0 dagger and quivering poisoned darts (chance to affect: 46%)
The kobold brigand looks drowsy...
Unknown command.
The helpless kobold brigand fails to defend itself.
You bite the kobold brigand, and draw its blood!
You feel better.
You impale the kobold brigand!!
The kobold brigand is almost dead.
The kobold hits you but does no damage.
The kobold brigand hits you with a +0 dagger.
* * * LOW HITPOINT WARNING * * *
The giant cockroach attacks as it pursues you!
The giant cockroach barely misses you. The kobold attacks as it pursues you!
The kobold misses you. The kobold attacks as it pursues you!
The kobold hits you but does no damage. The giant cockroach misses you.
The kobold attacks as it pursues you! The kobold hits you with a +0 whip.
You die...

.........................<.
.........###........†######
.........##.....†...## ##..
............####.#..# ##...
...........#.....#..###....
.............#####.........
.......K......#####.#......
.......#BK.#<...###.#......
.####.#..!@................
#.#.####.######.#......
#... #.### #.###....
#..#####...####.###....
#.....................†
....######†###.####.... ###
#.# #.# #.... #.#
#......... #.# #..#._.#..


You could see a kobold brigand, a giant cockroach and a kobold.

Vanquished Creatures
  An adder (D:3)
  2 dart slugs
  2 ribbon worms
  4 endoplasms
  5 goblins
  2 hobgoblins
  3 jackals (D:2)
  3 quokkas
  4 ball pythons
  4 bats
  A frilled lizard (D:2)
  6 kobolds
  4 rats
41 creatures vanquished.

Notes
Turn   | Place    | Note
-------+----------+-------------------------------------------
     0 | D:1      | grandjackal the Vampire Enchanter began the quest for the
                  | Orb.
     0 | D:1      | Reached XP level 1. HP: 13/13 MP: 3/3
   160 | D:1      | Reached XP level 2. HP: 5/19 MP: 5/5
   489 | D:1      | Found a faded altar of an unknown god.
   561 | D:1      | Reached skill level 5 in Stealth
   716 | D:1      | Learned a level 2 spell: Ensorcelled Hibernation
   962 | D:2      | Reached skill level 5 in Hexes
   962 | D:2      | Gained mutation: You are afflicted with vampirism and can
                  | become a bat while bloodless. [Vampire growth]
   962 | D:2      | Reached XP level 3. HP: 17/24 MP: 6/6
  1731 | D:3      | Found a bloodstained altar of Trog.
  1737 | D:3      | Reached skill level 1 in Ice Magic
  1778 | D:3      | Noticed a kobold brigand
  1797 | D:3      | Slain by a kobold

Illustrated notes

Levels and vault maps discovered:
D:1:      minmay_arrival_wavy_path, layout_loops_ring,
          hellmonk_ecumenical_altar_leap_of_faith, hangedman_decor_push
D:2:      layout_loops_corners
D:3:      layout_rooms, mainiacjoe_overflow_tiny_flanked, serial_shops,
          nicolae_shop_behind_doors

Skill      XL: |  1  2  3 |
---------------+----------+-----
Stealth        | 5 |  5.0
Short Blades   | 2 |  2.5
Hexes          | 5 |  5.3
Ice Magic      | 1 |  1.0
Dodging        | |  2.3
Spellcasting   | |  2.0

Action                     || total
---------------------------++-------
  Melee: Dagger            ||   136
         Bite              ||     8
   Cast: Ensorcelled Hiber ||     8
Ability: Exsanguinate      ||     1
   Stab: Sleeping          ||    16
         Distracted        ||     2
 Armour: Robe              ||    58
  Dodge: Dodged            ||    75

Table legend: (Time is in decaauts)
 A = Elapsed time spent in this place.
 B = Non-inter-level travel time spent in this place.
 C = Inter-level travel time spent in this place.
 D = Time resting spent in this place.
 E = Time spent auto-exploring this place.
 F = Levels seen in this place.
 G = Mean time per level.
                   A        B        C        D        E       F      G
               +--------+--------+--------+--------+--------+-----+--------+
         Total |   1783 |   1727 |     56 |     98 |   1267 |   3 |  594.3 |
       Dungeon |   1783 |   1727 |     56 |     98 |   1267 |   3 |  594.3 |
               +--------+--------+--------+--------+--------+-----+--------+

Top non-repeatable levels by time:
     D:2: 900 daAuts
     D:1: 729 daAuts
     D:3: 153 daAuts
